 Dungeon Sprint DCSS version 0.25-a0-36-g303dd5b1f4 (webtiles) character file.

Game seed: 5460109132834017448, levelgen mode: deterministic

317013 Arum the Invulnerable (level 20, -1/197 HPs)
             Began as a Formicid Fighter on Oct 20, 2019.
             Was the Champion of Okawaru.
             Slain by an electric golem (5 damage)
             ... in the Dungeon (Sprint IX: "|||||||||||||||||||||||||||||").
             The game lasted 00:45:11 (10568 turns).

Arum the Invulnerable (Formicid Fighter)           Turns: 10568, Time: 00:45:11

Health: -1/197     AC: 34    Str: 36    XL:     20   Next: 73%
Magic:  50/50      EV: 28    Int: 11    God:    Okawaru [******]
Gold:   879        SH: 30    Dex: 15    Spells: 48/53 levels left

rFire    + + +     SeeInvis +   x - +0 staff of Battle
rCold    . . .     Gourm    .   p - +1 large shield {reflect}
rNeg     . . .     Faith    .   M - +6 fire dragon scales
rPois    +         Spirit   .   (helmet unavailable)
rElec    +         Reflect  +   q - +2 cloak
rCorr    +         Harm     .   w - +1 pair of gloves "Putyjie" {rCorr MP+9 Str+4}
MR       +++..                  W - +2 pair of boots
Stlth    +.........             (no amulet)
HPRegen  0.42/turn              R - ring "Tedd" {rElec MR+ Str+8 Int+2 Stlth+}
MPRegen  0.32/turn              T - ring of Uladaw {+Fly rElec rPois rC+ Dex-2}

@: drained
A: permanent stasis, dig shafts and tunnels, four strong arms, antennae 3, agile
1, fire resistance 1
}: 5/17 runes: decaying, serpentine, barnacled, silver, gossamer
a: Dig, Heroism, Finesse, Renounce Religion, Evoke Flight


You were in the Dungeon.
You worshipped Okawaru.
Okawaru was exalted by your worship.
You were not hungry.

You visited 1 branch You collected 1931 gold pieces.
You spent 1052 gold pieces at shops.

Inventory:

Hand Weapons
 b - the +5 executioner's axe "Iraxol" {venom, rN++ MP+9}
   (You found it in the Dungeon)

   It poisons the flesh of those it strikes.
   It greatly protects you from negative energy.
   It affects your magic capacity (+9).
 r - a +5 eudemon blade of holy wrath
 x - the +0 staff of Battle (weapon)
   (Okawaru gifted it to you in the Dungeon)
 E - the +6 lajatang "Fasigh" {drain, rPois rC+ Int+3 Dex-5}
   (Okawaru gifted it to you in the Dungeon)

   A truly terrible weapon, it drains the life of those it strikes.
   It affects your intelligence (+3).
   It affects your dexterity (-5).
   It protects you from cold.
   It protects you from poison.
 I - a +9 vampiric lajatang
Missiles
 c - 32 silver javelins
 B - 26 javelins (quivered)
Armour
 a - the +0 shield of the Lion {rC- rN+ SInv}
   (Okawaru gifted it to you in the Dungeon)

   It makes you vulnerable to cold.
   It protects you from negative energy.
   It lets you see invisible.
 p - a +1 large shield of reflection (worn)
 q - a +2 cloak (worn)
 w - the +1 pair of gloves "Putyjie" (worn) {rCorr MP+9 Str+4}
   (Okawaru gifted it to you in the Dungeon)

   It affects your strength (+4).
   It affects your magic capacity (+9).
   It provides partial protection from all sources of acid and corrosion.
 y - the +3 warlock's mirror {reflect}
   (You bought it in a shop in the Dungeon)
 M - +6 fire dragon scales (worn)
 V - +3 storm dragon scales
 W - a +2 pair of boots (worn)
 X - a +5 large shield
Jewellery
 t - an uncursed ring of resist corrosion
 C - an uncursed ring of fire
 D - an uncursed ring of ice
 G - the amulet "Dam Aman" {Faith rF- Str+4 Dex+4, unknown}
   (You found it in the Dungeon)

   [amulet of faith]

   It allows you to gain divine favour quickly.
   It affects your strength (+4).
   It affects your dexterity (+4).
   It makes you vulnerable to fire.
 J - a +6 ring of intelligence
 L - a +6 ring of dexterity
 Q - the ring "Olil" {Wiz +Inv MR+}
   (You found it in the Dungeon)

   [ring of wizardry]

   It improves your spell success rate.
   It affects your resistance to hostile enchantments.
   It lets you turn invisible.
 R - the ring "Tedd" (left hand) {rElec MR+ Str+8 Int+2 Stlth+}
   (You found it in the Dungeon)

   [ring of intelligence]

   It affects your strength (+8).
   It affects your intelligence (+2).
   It insulates you from electricity.
   It affects your resistance to hostile enchantments.
   It makes you more stealthy.
 T - the ring of Uladaw (right hand) {+Fly rElec rPois rC+ Dex-2}
   (You found it in the Dungeon)

   [ring of poison resistance]

   It affects your dexterity (-2).
   It protects you from cold.
   It insulates you from electricity.
   It protects you from poison.
   It lets you fly.
 U - the ring "Pygginn" {MR+ rCorr Int+2 Dex-2}
   (You found it in the Dungeon)

   [ring of resist corrosion]

   It affects your intelligence (+2).
   It affects your dexterity (-2).
   It affects your resistance to hostile enchantments.
   It provides partial protection from all sources of acid and corrosion.
Wands
 m - a wand of acid (6)
Scrolls
 j - 6 scrolls of remove curse
 k - 3 scrolls of amnesia
 s - 10 scrolls of fear
 u - a scroll of enchant weapon
 v - 4 scrolls of enchant armour
 F - 3 scrolls of fog
Potions
 d - 6 potions of might
 e - 7 potions of curing
 g - 6 potions of heal wounds
 h - a potion of invisibility
 i - 4 potions of magic
 l - 5 potions of resistance
 o - a potion of brilliance
 z - a potion of agility
 H - a potion of mutation
Miscellaneous
 A - a lamp of fire
Comestibles
 f - 9 rations


   Skills:
 O Level 27(26.0) Fighting
 - Level 18.1(17.3) Long Blades
 + Level 24.7(23.8) Staves
 O Level 27(26.0) Armour
 + Level 26.5(25.5) Dodging
 O Level 27(26.0) Shields
 - Level 17.0(16.2) Spellcasting
 - Level 10.0(9.3) Charms
 - Level 8.0(7.4) Necromancy
 - Level 8.1(7.5) Invocations
 - Level 13.5(12.7) Evocations


You had 48 spell levels left.
You knew the following spells:

 Your Spells              Type           Power        Failure   Level  Hunger
a - Regeneration          Chrm/Necr      ####......   1%          3    None
b - Song of Slaying       Chrm           ####....     1%          2    None

Your spell library contained the following spells:

 Spells                   Type           Power        Failure   Level  Hunger
 Animate Skeleton         Necr           N/A          1%          1    None
 Infusion                 Chrm           ####         1%          1    None
 Shroud of Golubria       Chrm/Tloc      ###...       1%          2    None
 Spectral Weapon          Hex/Chrm       ###.....     4%          3    None
 Apportation              Tloc           #.....       10%         1    None
 Confusing Touch          Hex            #.....       10%         1    None
 Summon Small Mammal      Summ           #...         10%         1    None


Dungeon Overview and Level Annotations

Branches:
Dungeon (1/1)

Altars:
Cheibriados
Dithmenos
Elyvilon
Fedhas
Gozag
Hepliaklqana
Kikubaaqudgha
Makhleb
Nemelex Xobeh
Okawaru
Qazlal
Ru
Sif Muna
Trog
Uskayaw
Vehumet
Wu Jian
Xom
Yredelemnul
Zin
The Shining One
Beogh
Jiyva
Lugonu

Shops:
D [[:!


Innate Abilities, Weirdness & Mutations

You cannot be hasted, slowed, berserked, paralysed or teleported.
You can dig through walls and to a lower floor.
Your four strong arms can wield two-handed weapons with a shield.
You have a pair of large antennae on your head. (SInv)
You are agile. (Dex +2)
Your flesh is heat resistant. (rF+)


Message History

* * * LOW HITPOINT WARNING * * *
The electric golem shocks you! You resist.
* * * LOW HITPOINT WARNING * * *
You block the electric golem's attack. The electric golem misses you.
Nothing appears to happen.
The ancient lich touches you but does no damage.
You block the ancient lich's attack.
Unknown command.
Nothing appears to happen.
The electric golem crackles and sizzles.
The electric golem blinks!
You block the ancient lich's attack. You block the electric golem's attack.
The electric golem completely misses you.
The electric golem hits you but does no damage.
The electric golem misses you.
Nothing appears to happen.
You block the electric golem's attack. The electric golem hits you.
* * * LOW HITPOINT WARNING * * *
The electric golem shocks you. You resist.
You die...

▓D▓
{
▓p▓
{ {
{
▓p▓
{ {
▓8▓
{ {
▓*▓
{ {
▓*▓
{ {
▓L▓
{ {
▓@▓
{ {
▓8▓
{
▓+▓
{ {
{ {
{ {
{ {
{ {
{


You could see 2 orbs of fire, 2 Killer Klowns, 2 electric golems, an ancient
lich and a quicksilver dragon.

Vanquished Creatures
  3 orbs of fire (D)
  Mennas (D)
  2 ancient liches (D)
  Boris (D)
  Saint Roka (D)
  Nikola (D)
  A golden dragon (D)
  An electric golem (D)
  5 tentacled monstrosities (D)
  14 Orb Guardians (D)
  2 quicksilver dragons (D)
  A tengu reaver (D)
  9 shadow dragons (D)
  A thorn hunter (D)
  Gastronok (D)
  Kirke (D)
  Donald (D)
  A storm dragon (D)
  9 nagarajas (D)
  2 draconian monks (D)
  2 draconian knights (D)
  Ilsuiw (D)
  3 ghost moths (D)
  3 vault wardens (D)
  2 fire giants (D)
  A frost giant (D)
  4 draconian scorchers (D)
  Aizul (D)
  4 emperor scorpions (D)
  2 draconian shifters (D)
  2 draconian stormcallers (D)
  A very ugly thing (D)
  2 draconian annihilators (D)
  5 stone giants (D)
  4 ironheart preservers (D)
  A vampire knight (D)
  2 green draconians (D)
  A red draconian (D)
  3 purple draconians (D)
  2 white draconians (D)
  4 black draconians (D)
  Azrael (D)
  3 yellow draconians (D)
  Snorg (D)
  2 ettins (D)
  4 merfolk impalers (D)
  A fire dragon (D)
  3 yaktaur captains (D)
  2 rakshasas (D)
  3 merfolk javelineers (D)
  3 hydras (D)
  3 naga warriors (D)
  25 vault guards (D)
  7 ice dragons (D)
  2 spriggan air magi (D)
  A great orb of eyes (D)
  Erolcha (D)
  A shambling mangrove (D)
  2 merfolk avatars (D)
  A satyr (D)
  3 merfolk aquamancers (D)
  A ghost crab (D)
  2 anacondas (D)
  2 deep troll shamans (D)
  3 ogre magi (D)
  An alligator (D)
  A tengu warrior (D)
  A deep troll earth mage (D)
  8 orc high priests (D)
  A naga sharpshooter (D)
  2 shock serpents (D)
  An unseen horror (D)
  A spriggan druid (D)
  A glowing orange brain (D)
  6 swamp dragons (D)
  A sea snake (D)
  7 orc knights (D)
  An orc sorcerer (D)
  6 ironbrand convokers (D)
  2 harpies (D)
  5 wolf spiders (D)
  4 orb spiders (D)
  4 ugly things (D)
  A necromancer (D)
  A mana viper (D)
  A manticore (D)
  3 cyclopes (D)
  A merfolk siren (D)
  5 moths of wrath (D)
  2 black mambas (D)
  2 naga magi (D)
  2 spiny frogs (D)
  5 vault sentinels (D)
  2 yaktaurs (D)
  A freezing wraith (D)
  A guardian mummy (D)
  A tengu conjurer (D)
  A komodo dragon (D)
  2 trolls (D)
  3 jumping spiders (D)
  2 merfolk (D)
  2 hornets (D)
  2 tyrant leeches (D)
  7 blink frogs (D)
  A hippogriff (D)
  A dream sheep (D)
  2 slime creatures (D)
  A snapping turtle (D)
  A tarantella (D)
  2 redbacks (D)
  A yak (D)
  A wraith (D)
  2 hogs (D)
  5 fire elementals (D)
  A basilisk (D)
  2 vampire mosquitoes (D)
  A naga (D)
  An acid dragon (D)
  3 porcupines (D)
  A hell hound (D)
  2 swamp drakes (D)
  13 orc warriors (D)
  A centaur (D)
  5 crocodiles (D)
  4 bullfrogs (D)
  A crimson imp (D)
  A hound (D)
  7 orc priests (D)
  4 orc wizards (D)
  A hell rat (D)
  3 worker ants (D)
  2 adders (D)
  An adder skeleton (D)
  A leopard gecko (D)
  8 orcs (D)
  2 bat skeletons (D)
  A giant cockroach (D)
  A hobgoblin (D)
  A jackal (D)
  A ball python zombie (D)
  2 frilled lizards (D)
  A leopard gecko skeleton (D)
374 creatures vanquished.

Vanquished Creatures (others)
  A merfolk impaler (D)
  A deep elf archer (D)
  3 humans (D)
  A swamp drake (D)
6 creatures vanquished.

Grand Total: 380 creatures vanquished

Notes
Turn   | Place    | Note
-------+----------+-------------------------------------------
     0 | D        | Arum the Formicid Fighter began the quest for the Orb.
     0 | D        | Reached XP level 1. HP: 18/18 MP: 1/1
    17 | D        | Reached XP level 2. HP: 21/25 MP: 2/2
    76 | D        | Reached skill level 5 in Shields
    76 | D        | Reached XP level 3. HP: 31/31 MP: 3/3
    89 | D        | Reached skill level 5 in Fighting
    89 | D        | Reached skill level 5 in Armour
    89 | D        | Reached XP level 4. HP: 38/39 MP: 4/4
   106 | D        | Found a roughly hewn altar of Beogh.
   106 | D        | Found a snail-covered altar of Cheibriados.
   106 | D        | Found a shadowy altar of Dithmenos.
   106 | D        | Found a white marble altar of Elyvilon.
   106 | D        | Found a blossoming altar of Fedhas.
   106 | D        | Found an opulent altar of Gozag.
   107 | D        | Found a hazy altar of Hepliaklqana.
   108 | D        | Found a viscous altar of Jiyva.
   109 | D        | Found an ancient bone altar of Kikubaaqudgha.
   110 | D        | Found a corrupted altar of Lugonu.
   111 | D        | Found a burning altar of Makhleb.
   112 | D        | Found a sparkling altar of Nemelex Xobeh.
   113 | D        | Found an iron altar of Okawaru.
   114 | D        | Found a stormy altar of Qazlal.
   115 | D        | Found a sacrificial altar of Ru.
   116 | D        | Found a shimmering blue altar of Sif Muna.
   117 | D        | Found a bloodstained altar of Trog.
   118 | D        | Found a hide-covered altar of Uskayaw.
   119 | D        | Found a radiant altar of Vehumet.
   120 | D        | Found an ornate altar of the Wu Jian Council.
   121 | D        | Became a worshipper of Warmaster Okawaru
   122 | D        | Found a shimmering altar of Xom.
   123 | D        | Found a basalt altar of Yredelemnul.
   124 | D        | Found a glowing silver altar of Zin.
   125 | D        | Found a glowing golden altar of the Shining One.
   181 | D        | Noticed an orc warrior
   181 | D        | Noticed a wraith
   181 | D        | Noticed a bullfrog
   190 | D        | Reached XP level 5. HP: 39/46 MP: 5/5
   194 | D        | Killed a bullfrog
   194 | D        | Reached skill level 5 in Staves
   199 | D        | Killed a wraith
   199 | D        | Reached * piety under Okawaru
   199 | D        | Reached XP level 6. HP: 31/56 MP: 6/6
   203 | D        | Killed an orc warrior
   203 | D        | Reached XP level 7. HP: 17/63 MP: 7/7
   439 | D        | Noticed an unseen horror
   439 | D        | Noticed a slime creature
   439 | D        | Noticed a hippogriff
   439 | D        | Noticed a cyclops
   446 | D        | Killed a cyclops
   446 | D        | Reached ** piety under Okawaru
   446 | D        | Reached skill level 10 in Shields
   446 | D        | Reached XP level 8. HP: 39/71 MP: 5/12
   450 | D        | Killed a hippogriff
   450 | D        | Reached *** piety under Okawaru
   459 | D        | Killed a slime creature
   459 | D        | Reached skill level 10 in Fighting
   459 | D        | Reached skill level 10 in Armour
   473 | D        | Killed an unseen horror
   473 | D        | Reached XP level 9. HP: 47/79 MP: 7/13
   719 | D        | Noticed a spiny frog
   724 | D        | Noticed a komodo dragon
   733 | D        | Reached skill level 10 in Staves
   749 | D        | Killed a spiny frog
   749 | D        | Reached **** piety under Okawaru
   760 | D        | Killed a komodo dragon
   765 | D        | Reached XP level 10. HP: 21/89 MP: 14/14
  1054 | D        | Noticed a black mamba
  1083 | D        | Killed a black mamba
  1083 | D        | Reached ***** piety under Okawaru
  1130 | D        | Noticed a spiny frog
  1145 | D        | Killed a spiny frog
  1345 | D        | Noticed an orc knight
  1360 | D        | Killed an orc knight
  1360 | D        | Reached XP level 11. HP: 98/98 MP: 8/17
  1366 | D        | Noticed an orc sorcerer
  1403 | D        | Killed an orc sorcerer
  1403 | D        | Received a gift from Okawaru
  1439 | D        | Got a pair of ichor-stained gloves {god gift}
  1450 | D        | Identified the +1 pair of gloves "Putyjie" {rCorr MP+9
                  | Str+4} (Okawaru gifted it to you in the Dungeon)
  1521 | D        | Noticed an orc knight
  1521 | D        | Noticed an orc knight
  1536 | D        | Killed an orc knight
  1536 | D        | Reached skill level 15 in Shields
  1555 | D        | Killed an orc knight
  1564 | D        | Noticed an orc knight
  1600 | D        | Killed an orc knight
  1786 | D        | Found Famuom's Distillery.
  1786 | D        | Noticed an orc high priest
  1786 | D        | Noticed an orc high priest
  1789 | D        | Noticed an orc high priest
  1792 | D        | Killed an orc high priest
  1793 | D        | Found Kein's Book Shop.
  1794 | D        | Noticed a sixfirhy
  1796 | D        | Noticed an orc high priest
  1801 | D        | Found Vavit's Armour Boutique.
  1803 | D        | Noticed an orc high priest
  1806 | D        | Killed an orc high priest
  1813 | D        | Killed an orc high priest
  1813 | D        | Received a gift from Okawaru
  1814 | D        | Found Tiufryeq's Armour Shop.
  1814 | D        | Noticed an orc high priest
  1819 | D        | Killed an orc high priest
  1819 | D        | Reached skill level 15 in Fighting
  1819 | D        | Reached skill level 15 in Armour
  1819 | D        | Reached XP level 12. HP: 59/109 MP: 18/18
  1826 | D        | Killed an orc high priest
  1827 | D        | Noticed an orc high priest
  1896 | D        | Noticed a soul eater
  1902 | D        | Killed an orc high priest
  1918 | D        | Killed an orc high priest
  2161 | D        | Noticed an orc high priest
  2183 | D        | Killed an orc high priest
  2220 | D        | Bought a potion of agility for 44 gold pieces
  2220 | D        | Bought a potion of degeneration for 11 gold pieces
  2220 | D        | Bought a potion of curing for 33 gold pieces
  2220 | D        | Bought a potion of might for 44 gold pieces
  2232 | D        | Bought the +3 warlock's mirror {reflect} for 520 gold
                  | pieces
  2232 | D        | Found the +3 warlock's mirror {reflect}
  2234 | D        | Bought a book of Battle for 400 gold pieces
  2286 | D        | Noticed Erolcha
  2295 | D        | Killed Erolcha
  2295 | D        | Reached ****** piety under Okawaru
  2295 | D        | Received a gift from Okawaru
  2295 | D        | Reached skill level 1 in Dodging
  2546 | D        | Noticed a stone giant
  2553 | D        | Noticed a yaktaur captain
  2555 | D        | Noticed an ice dragon
  2560 | D        | Noticed an ice dragon
  2570 | D        | Killed a stone giant
  2571 | D        | Noticed an ogre mage
  2586 | D        | Killed a yaktaur captain
  2586 | D        | Received a gift from Okawaru
  2586 | D        | Reached skill level 15 in Staves
  2596 | D        | Killed an ice dragon
  2607 | D        | Received a gift from Okawaru
  2607 | D        | Reached skill level 5 in Dodging
  2620 | D        | Killed an ice dragon
  2623 | D        | Killed an ogre mage
  2623 | D        | Reached XP level 13. HP: 63/119 MP: 19/19
  2863 | D        | Noticed Gastronok
  2892 | D        | Killed Gastronok
  2920 | D        | Noticed Kirke
  2938 | D        | Killed Kirke
  3011 | D        | Noticed a merfolk avatar
  3022 | D        | Killed a merfolk avatar
  3023 | D        | Noticed a merfolk impaler
  3076 | D        | Killed a merfolk impaler
  3085 | D        | Received a gift from Okawaru
  3170 | D        | Noticed a ghost crab
  3176 | D        | Noticed a thorn hunter
  3176 | D        | Noticed a shambling mangrove
  3183 | D        | Killed a ghost crab
  3203 | D        | Received a gift from Okawaru
  3216 | D        | Killed a thorn hunter
  3216 | D        | Reached skill level 10 in Dodging
  3222 | D        | Killed a shambling mangrove
  3538 | D        | Got a crude ring mail {god gift}
  3539 | D        | Identified the +3 ring mail of the Gloaming {rC+} (Okawaru
                  | gifted it to you in the Dungeon)
  3565 | D        | Noticed a naga warrior
  3565 | D        | Noticed a naga warrior
  3565 | D        | Noticed an anaconda
  3575 | D        | Killed an anaconda
  3575 | D        | Reached XP level 14. HP: 131/131 MP: 20/20
  3878 | D        | Noticed Snorg
  3899 | D        | Killed Snorg
  3913 | D        | Noticed Azrael
  3938 | D        | Killed Azrael
  4191 | D        | Learned a level 3 spell: Regeneration
  4194 | D        | Learned a level 2 spell: Song of Slaying
  4194 | D        | Noticed a stone giant
  4195 | D        | Noticed a shadow dragon
  4207 | D        | Reached skill level 1 in Spellcasting
  4207 | D        | Reached skill level 1 in Charms
  4207 | D        | Reached skill level 1 in Necromancy
  4229 | D        | Killed a stone giant
  4230 | D        | Noticed a stone giant
  4247 | D        | Received a gift from Okawaru
  4285 | D        | Killed a shadow dragon
  4291 | D        | Noticed a stone giant
  4321 | D        | Killed a stone giant
  4323 | D        | Reached skill level 5 in Spellcasting
  4323 | D        | Reached skill level 5 in Necromancy
  4334 | D        | Reached skill level 5 in Charms
  4350 | D        | Killed a stone giant
  4350 | D        | Reached XP level 15. HP: 94/143 MP: 23/23
  4536 | D        | Noticed an ironheart preserver
  4552 | D        | Killed an ironheart preserver
  4553 | D        | Noticed an ironheart preserver
  4581 | D        | Killed an ironheart preserver
  4601 | D        | Noticed a cyan very ugly thing
  4645 | D        | Killed a cyan very ugly thing
  5042 | D        | Noticed Aizul
  5072 | D        | Killed Aizul
  5255 | D        | Received a gift from Okawaru
  5255 | D        | Noticed Ilsuiw
  5270 | D        | Reached skill level 10 in Spellcasting
  5270 | D        | Reached skill level 10 in Charms
  5294 | D        | Killed Ilsuiw
  5373 | D        | Got a barnacled rune of Zot
  5400 | D        | Got a pitted cloak {god gift}
  5544 | D        | Identified the +0 cloak of Okawaru's Displeasure {Stlth+}
                  | (Okawaru gifted it to you in the Dungeon)
  5562 | D        | Noticed a nagaraja
  5562 | D        | Noticed a nagaraja
  5562 | D        | Noticed a nagaraja
  5562 | D        | Noticed a nagaraja
  5562 | D        | Noticed a nagaraja
  5563 | D        | Noticed a nagaraja
  5573 | D        | Killed a nagaraja
  5573 | D        | Reached XP level 16. HP: 156/156 MP: 31/31
  5590 | D        | Killed a nagaraja
  5610 | D        | Noticed a nagaraja
  5622 | D        | Killed a nagaraja
  5632 | D        | Killed a nagaraja
  5633 | D        | Noticed a nagaraja
  5644 | D        | Killed a nagaraja
  5644 | D        | Received a gift from Okawaru
  5645 | D        | Noticed a nagaraja
  5649 | D        | Killed a nagaraja
  5673 | D        | Killed a nagaraja
  5678 | D        | Killed a nagaraja
  5686 | D        | Killed a nagaraja
  5701 | D        | Got a serpentine rune of Zot
  6183 | D        | Got a decaying rune of Zot
  6490 | D        | Reached skill level 15 in Spellcasting
  6545 | D        | Received a gift from Okawaru
  6595 | D        | Got a gossamer rune of Zot
  6603 | D        | Got a jewelled shield {god gift}
  6727 | D        | Identified the +0 shield of the Lion {rC- rN+ SInv}
                  | (Okawaru gifted it to you in the Dungeon)
  6759 | D        | Noticed Boris
  6788 | D        | Killed Boris
  7098 | D        | Reached XP level 17. HP: 169/169 MP: 37/37
  7224 | D        | Received a gift from Okawaru
  7410 | D        | Noticed a shadow dragon
  7427 | D        | Received a gift from Okawaru
  7428 | D        | Found the +0 staff of Battle
  7444 | D        | Noticed a shadow dragon
  7456 | D        | Killed a shadow dragon
  7465 | D        | Reached skill level 27 in Armour
  7473 | D        | Killed a shadow dragon
  7473 | D        | Reached skill level 27 in Fighting
  7578 | D        | Noticed a shadow dragon
  7578 | D        | Noticed a shadow dragon
  7578 | D        | Noticed a shadow dragon
  7579 | D        | Noticed an ancient lich
  7586 | D        | Noticed a shadow dragon
  7604 | D        | Killed a shadow dragon
  7646 | D        | Killed an ancient lich
  7646 | D        | Received a gift from Okawaru
  7654 | D        | Killed a shadow dragon
  7667 | D        | Reached skill level 10 in Evocations
  7667 | D        | Reached XP level 18. HP: 71/182 MP: 39/39
  7710 | D        | Got a silver rune of Zot
  7720 | D        | Got a slimy amethyst amulet
  8060 | D        | Noticed Saint Roka
  8089 | D        | Killed Saint Roka
  8239 | D        | Noticed Donald
  8259 | D        | Killed Donald
  8318 | D        | Got the ring "Olil" {Wiz +Inv MR+}
  8320 | D        | Got the ring "Tedd" {rElec MR+ Str+8 Int+2 Stlth+}
  8322 | D        | Got the amulet "Basesy" {Faith rF- Int+3 SInv}
  8324 | D        | Got the ring of Uladaw {+Fly rElec rPois rC+ Dex-2}
  8326 | D        | Got the ring "Pygginn" {MR+ rCorr Int+2 Dex-2}
  8525 | D        | Got the +5 executioner's axe "Iraxol" {venom, rN++ MP+9}
  8527 | D        | Got the +5 demon blade of Subterfuge {drain, rF+}
  8573 | D        | Noticed Mennas
  8614 | D        | Killed Mennas
  8614 | D        | Reached skill level 5 in Long Blades
  8742 | D        | Noticed Nikola
  8757 | D        | Killed Nikola
  8859 | D        | Received a gift from Okawaru
  8869 | D        | Reached skill level 15 in Dodging
  8897 | D        | Reached skill level 10 in Long Blades
  8900 | D        | HP: 2/182 [spriggan air mage/the air (20)]
  9221 | D        | Noticed a golden dragon
  9262 | D        | Killed a golden dragon
  9262 | D        | Reached skill level 27 in Shields
  9304 | D        | Received a gift from Okawaru
  9331 | D        | Got an ebony lajatang {god gift}
  9349 | D        | Identified the +6 lajatang "Fasigh" {drain, rPois rC+ Int+3
                  | Dex-5} (Okawaru gifted it to you in the Dungeon)
  9360 | D        | Noticed a tentacled monstrosity
  9360 | D        | Noticed an orb of fire
  9383 | D        | Killed an orb of fire
  9383 | D        | Reached skill level 15 in Long Blades
  9383 | D        | Reached XP level 19. HP: 189/189 MP: 40/40
  9395 | D        | Killed a tentacled monstrosity
  9461 | D        | Noticed a tentacled monstrosity
  9467 | D        | Received a gift from Okawaru
  9473 | D        | Killed a tentacled monstrosity
  9722 | D        | Received a gift from Okawaru
  9727 | D        | Got a shimmering scimitar {god gift}
  9758 | D        | Noticed a tentacled monstrosity
  9758 | D        | Noticed an orb of fire
  9771 | D        | Killed an orb of fire
  9772 | D        | Noticed a tentacled monstrosity
  9777 | D        | Killed a tentacled monstrosity
  9791 | D        | Killed a tentacled monstrosity
  9809 | D        | Received a gift from Okawaru
 10058 | D        | Noticed an Orb Guardian
 10058 | D        | Noticed an Orb Guardian
 10058 | D        | Noticed an Orb Guardian
 10058 | D        | Noticed an Orb Guardian
 10058 | D        | Noticed an Orb Guardian
 10058 | D        | Noticed an Orb Guardian
 10063 | D        | Killed an Orb Guardian
 10071 | D        | Killed an Orb Guardian
 10072 | D        | Noticed an Orb Guardian
 10078 | D        | Killed an Orb Guardian
 10078 | D        | Received a gift from Okawaru
 10078 | D        | Reached XP level 20. HP: 197/197 MP: 41/41
 10106 | D        | Received a gift from Okawaru
 10190 | D        | Noticed a tentacled monstrosity
 10199 | D        | Killed a tentacled monstrosity
 10321 | D        | Noticed an ancient lich
 10326 | D        | Killed an ancient lich
 10329 | D        | Noticed an orb of fire
 10334 | D        | Gained mutation: Your spells are a little easier to cast,
                  | but a little less powerful. [an orb of fire]
 10340 | D        | Killed an orb of fire
 10342 | D        | Noticed an electric golem
 10357 | D        | Killed an electric golem
 10478 | D        | Lost mutation: Your spells are a little easier to cast, but
                  | a little less powerful. [potion of mutation]
 10478 | D        | Gained mutation: Your body sometimes deteriorates upon
                  | taking damage. [potion of mutation]
 10478 | D        | Gained mutation: You expend magic power (3 MP) to
                  | strengthen your wands. [potion of mutation]
 10479 | D        | Lost mutation: You expend magic power (3 MP) to strengthen
                  | your wands. [potion of mutation]
 10479 | D        | Lost mutation: Your body sometimes deteriorates upon taking
                  | damage. [potion of mutation]
 10479 | D        | Gained mutation: Your flesh is heat resistant. (rF+)
                  | [potion of mutation]
 10479 | D        | Gained mutation: You are agile. (Dex +2) [potion of
                  | mutation]
 10487 | D        | Noticed an orb of fire
 10487 | D        | Noticed a Killer Klown
 10487 | D        | Noticed an ancient lich
 10487 | D        | Noticed a Killer Klown
 10487 | D        | Noticed an electric golem
 10488 | D        | Noticed an electric golem
 10496 | D        | Noticed an electric golem
 10496 | D        | Noticed an orb of fire
 10496 | D        | Noticed a Killer Klown
 10496 | D        | Noticed an ancient lich
 10496 | D        | Noticed a Killer Klown
 10496 | D        | Noticed an electric golem
 10496 | D        | Noticed an electric golem
 10499 | D        | Noticed an orb of fire
 10565 | D        | HP: 4/197 [electric golem (7)]
 10568 | D        | Slain by an electric golem

Levels and vault maps discovered:
D:        linesprint [early_d, line_temple, items_1, d_10, items_2, lair_1,
          lair_end, items_3, orc_1, orc_end, items_4, d_15, swamp_1, shoals_1,
          snake_1, spider_1, d_20, vaults_1, items_5, swamp_end, shoals_end,
          snake_end, spider_end, vaults_end, d_27, items_6, zot_1, zot_end,
          crypt_end, forest_end, elf_end, slime_end, tomb_end, abyss_end,
          pan_hell_end]

Skill      XL: |  1  2  3  4  5  6  7  8  9 10 11 12 13 14 15 16 17 18 19 20 |
---------------+-------------------------------------------------------------+-----
Shields        | 4 5 6 8 9 10 11 12 14 16 18 23 27 | 27.0
Fighting       | 4 5 7 8 9 10 12 13 15 16 18 20 22 25 27 | 27.0
Staves         | 3 4 6 7 8 9 10 12 13 15 20 24 | 24.7
Armour         | 4 5 7 8 9 10 12 13 15 16 19 20 22 25 27 | 27.0
Invocations    | 6 8 |  8.1
Dodging        | 5 10 13 18 23 26 | 26.5
Spellcasting   | 5 11 16 17 | 17.0
Charms         | 5 10 | 10.0
Necromancy     | 5 8 |  8.0
Evocations     | 10 13 | 13.5
Long Blades    | 15 18 | 18.1

Action                   |  1- 3 |  4- 6 |  7- 9 | 10-12 | 13-15 | 16-18 | 19-21 || total
-------------------------+-------+-------+-------+-------+-------+-------+-------++-------
Melee: Quarterstaff      |    34 |    29 |    80 |   373 |   790 |   934 |       ||  2240
       Eudemon blade     |       |       |       |       |       |    94 |       ||    94
       Lajatang          |       |       |       |       |       |    22 |   336 ||   358
 Cast: Song of Slaying   |       |       |       |       |     1 |    10 |     6 ||    17
       Regeneration      |       |       |       |       |       |     1 |     4 ||     5
Invok: Heroism           |       |       |     2 |     8 |    13 |    13 |     7 ||    43
       Finesse           |       |       |       |     5 |    12 |    11 |     7 ||    35
Evoke: Wand              |       |     1 |     1 |       |     2 |       |       ||     4
  Use: Potion            |       |       |       |     1 |     5 |     4 |     2 ||    12
       Scroll            |       |       |       |       |     1 |     1 |     6 ||     8
  Eat: Chunk             |       |       |       |     5 |    10 |     5 |     2 ||    22
       Ration            |       |       |       |       |       |     2 |     1 ||     3
Armor: Scale mail        |    17 |     1 |       |     4 |    20 |       |       ||    42
       Ring mail         |       |     2 |     5 |    19 |       |       |       ||    26
       Storm dragon scal |       |       |       |       |    37 |    46 |       ||    83
       Fire dragon scale |       |       |       |       |       |    29 |   126 ||   155
Dodge: Dodged            |     5 |     8 |    11 |    50 |   111 |   131 |   272 ||   588
Block: Shield            |    15 |    10 |    23 |    66 |       |       |       ||   114
       Buckler           |       |       |       |    19 |    72 |       |       ||    91
       Reflection        |       |       |       |     2 |    17 |     6 |       ||    25
       Large shield      |       |       |       |       |   152 |   391 |   417 ||   960

Table legend:
 A = Non-vault XP
 B = Vault XP
 C = Vault XP percentage of total XP
 D = Non-vault monster count
 E = Vault monster count
 F = Vault count percentage of total count
                 A         B        C        D         E       F
            +---------+---------+-------+---------+---------+-------
      Total |       0 |  392534 | 100.0 |       0 |     376 | 100.0
            +---------+---------+-------+---------+---------+-------
          D |       0 |  392534 | 100.0 |       0 |     376 | 100.0
            +---------+---------+-------+---------+---------+-------
